 Dungeon Crawl Stone Soup version 0.27-a0-1193-g8631133539 (webtiles) character file.

Game seed: 11028581080003339896

5942 bobarctor the Thaumaturge (level 10, -5/62 HPs)
             Began as a Demonspawn Necromancer on May 25, 2021.
             Was a High Priest of Hepliaklqana.
             Slain by a freezing wraith (9 damage)
             ... led by a death knight
             ... on level 9 of the Dungeon on May 26, 2021.
             The game lasted 01:02:05 (11356 turns).

bobarctor the Thaumaturge (Demonspawn Necromancer) Turns: 11356, Time: 01:02:06

Health: -5/62      AC: 11    Str:  8    XL:     10   Next: 54%
Magic:  23/23      EV: 13    Int: 23    God:    Hepliaklqana [*****.]
Gold:   267        SH:  4    Dex: 21    Spells: 7/28 levels left

rFire    . . .     SeeInvis .   O - +12 mace of Kiddil {freeze, rC+ Int+4}
rCold    + . .     Faith    .   (no shield)
rNeg     + . .     Spirit   .   E - +1 leather armour {rN+}
rPois    .         Reflect  .   f - +2 hat
rElec    .         Harm     .   t - scarf {+Inv}
rCorr    .         Rampage  .   l - +0 pair of gloves
Will     .....                  o - +1 pair of boots
Stlth    +++.......             (no amulet)
HPRegen  0.20/turn              S - ring of wizardry
MPRegen  0.18/turn              v - +6 ring of dexterity

@: slowed, very slow
A: reduced essence, claws 1, thin metallic scales 1, demonic guardian 1, foul
stench 1, large bone plates 1
a: Renounce Religion, Evoke Invisibility, Recall Ancestor, Ancestor Identity,
Transference, Idealise


You were on level 9 of the Dungeon.
You worshipped Hepliaklqana.
Hepliaklqana was extremely pleased with you.
You visited 1 branch of the dungeon, and saw 9 of its levels.

You collected 521 gold pieces.
You spent 254 gold pieces at shops.

Inventory:

Hand Weapons
 e - a +0 whip
 k - a +2 antimagic spear
 r - a +2 spectral quarterstaff
 w - a +0 shortbow
 C - a +1 flail of protection
 J - a +5 vampiric spear
 N - a +0 spear of flaming
 O - the +12 mace of Kiddil (weapon) {freeze, rC+ Int+4}
   (You bought it in a shop on level 7 of the Dungeon)

   It has been specially enchanted to freeze those struck by it, causing extra
   injury to most foes and up to half again as much damage against particularly
   susceptible opponents.
   It can also slow down cold-blooded creatures.
   It affects your intelligence (+4).
   It protects you from cold.
 Q - the +6 falchion of Indomitability {vorpal, Int+3}
   (You found it on level 8 of the Dungeon)

   It inflicts extra damage upon your enemies.
   It affects your intelligence (+3).
 T - a +0 whip of venom
Missiles
 b - 36 poisoned darts
 d - 4 boomerangs of dispersal
 i - 248 arrows
 m - 276 stones
 n - 6 atropa-tipped darts
 y - 12 boomerangs (quivered)
 B - 3 throwing nets
 D - 15 bolts
 H - a curare-tipped dart
Armour
 a - a +0 robe
 f - a +2 hat (worn)
 l - a +0 pair of gloves (worn)
 o - a +1 pair of boots (worn)
 t - a scarf of invisibility (worn)
 E - a +1 leather armour of positive energy (worn)
 K - a +2 ring mail of willpower
 M - a +1 helmet
Magical Staves
 F - a staff of fire
Jewellery
 q - a ring of resist corrosion
 v - a +6 ring of dexterity (right hand)
 S - a ring of wizardry (left hand)
Wands
 g - a wand of polymorph (15)
 u - a wand of paralysis (15)
 P - a wand of mindburst (9)
Scrolls
 c - 2 scrolls of teleportation
 A - 5 scrolls of enchant armour
 R - a scroll of blinking
Potions
 h - 2 potions of haste
 j - 2 potions of lignification
 p - 3 potions of heal wounds
 s - 6 potions of curing
 x - 2 potions of resistance
 z - a potion of berserk rage
 G - a potion of brilliance {unknown}
 I - a potion of flight {unknown}
 L - 2 potions of cancellation {unknown}


   Skills:
 + Level 2.9 Fighting
 + Level 2.4 Armour
 + Level 3.5 Dodging
 + Level 3.2 Stealth
 * Level 9.5 Spellcasting
 + Level 0.4 Conjurations
 + Level 9.1 Necromancy
 + Level 0.1 Translocations
 * Level 0.4 Earth Magic
 * Level 7.4 Invocations
 * Level 4.8 Evocations


You had 7 spell levels left.
You knew the following spells:

 Your Spells              Type           Power      Damage    Failure   Level
a - Pain                  Necr           100%       1d9       1%          1
b - Animate Skeleton      Necr           100%       N/A       1%          1
c - Vampiric Draining     Necr           26%        2d9       1%          3
d - Animate Dead          Necr           26%        N/A       1%          4
e - Agony                 Necr           52%        N/A       2%          5
f - Sandblast             Erth           26%        2d8       2%          1
g - Passwall              Tmut/Erth      10%        N/A       4%          2
h - Stone Arrow           Conj/Erth      26%        3d8       9%          3
i - Apportation           Tloc           22%        N/A       3%          1

Your spell library contained the following spells:

 Spells                   Type           Power      Damage    Failure   Level
 Corona                   Hex            11%        N/A       3%          1
 Summon Small Mammal      Summ           40%        N/A       3%          1
 Petrify                  Tmut/Erth      12%        N/A       28%         4
 Lee's Rapid Deconstruct  Erth           6%         3d7*      56%         5


Dungeon Overview and Level Annotations

Branches:
Dungeon (9/15)             Temple (0/1) D:4
   Lair: D:8-11         Orc: D:9-12

Altars:
Hepliaklqana
Okawaru
Qazlal
Ru
Sif Muna
Trog
Vehumet
Wu Jian
Xom
The Shining One
Beogh

Shops:
D:4 *   D:7 ((


Innate Abilities, Weirdness & Mutations

Your life essence is reduced to manifest your ancestor. (-10% HP)
You have sharp fingernails.
You are partially covered in thin metallic scales. (AC +2)
A weak demonic guardian rushes to your aid.
You may rarely emit foul miasma when damaged in melee.
You are partially covered in large bone plates. (SH +4)


Message History

The freezing wraith hits Crack Daddy!
Crack Daddy is destroyed!
You block the bullfrog's attack.
You hit the bullfrog. You freeze the bullfrog.
The bullfrog is heavily wounded.
The bullfrog barely misses you. You block the bullfrog's attack.
The bullfrog closely misses you.
You barely miss the bullfrog.
The bullfrog is heavily wounded.
The bullfrog hits you but does no damage. x2
You thump the bullfrog! You freeze the bullfrog.
You kill the bullfrog!
The freezing wraith closely misses you. The freezing wraith hits you.
You sock the freezing wraith!
The freezing wraith is heavily damaged.
The freezing wraith hits you. The freezing wraith freezes you. You resist.
The freezing wraith barely misses you.
You sock the freezing wraith!
The freezing wraith is severely damaged.
The freezing wraith misses you. The freezing wraith closely misses you.
The freezing wraith hits you but does no damage.
The freezing wraith barely misses you.
You hit the freezing wraith.
The freezing wraith is almost destroyed.
The freezing wraith hits you. The freezing wraith freezes you! You resist.
The freezing wraith barely misses you.
You hit the freezing wraith but do no damage.
The freezing wraith is almost destroyed.
The freezing wraith hits you. The freezing wraith freezes you! You resist.
The freezing wraith hits you!
* * * LOW HITPOINT WARNING * * *
The freezing wraith drains your vigour!
You feel yourself slow down.
The freezing wraith hits you but does no damage.
The freezing wraith barely misses you.
You hit the freezing wraith.
The freezing wraith is almost destroyed.
The freezing wraith hits you!
* * * LOW HITPOINT WARNING * * *
A demonic guardian appears!
The freezing wraith freezes you! You resist.
You die...

.....###........####.. ._.
#........##.+.. .
#........#..#.^ ####
#........#.##.. ..#
#W.......#R##.. #####.#
#..........##.. ...#.#####
#........####..
###.#.'...####........# #..
#.....###5.@WW........# #..
###'### ######........# #..
#.# #........# #.. ##.#
######.### #.. #..# #)# ###
##'##### #.# ###
#..R...############.# #..
#......'............# ##.#
#......###########).#####...


You could see 2 freezing wraiths and a friendly shadow imp (summoned).

Vanquished Creatures
  2 two-headed ogres
  An acid dragon (D:8)
  An ice beast (D:6)
  2 orc warriors (D:5)
  A sky beast (D:6)
  A black bear (D:4)
  2 ogres
  A centaur (D:7)
  A kobold brigand (D:6)
  3 bullfrogs
  A gnoll sergeant (D:7)
  A scorpion (D:5)
  6 killer bees
  4 wights
  A bullfrog zombie (D:4)
  2 hounds
  A jelly (D:4)
  3 orc priests
  2 bullfrog skeletons
  A centaur skeleton (D:7)
  An iguana (D:4)
  2 gnoll shamans
  5 orc wizards
  A killer bee zombie (D:7)
  5 adders
  17 gnolls
  A shadow imp (D:7)
  2 ufetubi
  2 worms
  26 orcs
  3 bats
  7 endoplasms
  3 giant cockroaches (D:3)
  3 hobgoblins
  5 jackals
  3 quokkas
  11 ball pythons
  2 frilled lizards
  A goblin (D:2)
  8 kobolds
  7 rats
152 creatures vanquished.

Vanquished Creatures (collateral kills)
  A centaur warrior (D:9)
  A steam dragon (D:9)
  2 orc warriors
  A necrophage (D:8)
  An ice beast (D:7)
  An ogre (D:7)
  A kobold brigand (D:9)
  A bullfrog (D:8)
  3 gnoll sergeants
  A wyvern zombie (D:6)
  A water moccasin skeleton (D:4)
  3 killer bees
  3 wights
  A centaur zombie (D:7)
  2 hounds (D:7)
  An orc priest (D:6)
  5 orc wizards
  9 gnolls
  An adder (D:3)
  A howler monkey skeleton (D:7)
  A worm (D:2)
  10 orcs
  8 kobolds
59 creatures vanquished.

Vanquished Creatures (others)
  A bullfrog (D:9)
  5 battlemagi
6 creatures vanquished.

Grand Total: 217 creatures vanquished

Notes
Turn   | Place    | Note
-------+----------+-------------------------------------------
     0 | D:1      | bobarctor the Demonspawn Necromancer began the quest for
                  | the Orb.
     0 | D:1      | Reached XP level 1. HP: 13/13 MP: 3/3
   131 | D:1      | Learned a level 1 spell: Animate Skeleton
   652 | D:1      | Gained mutation: You have sharp fingernails. [demonic
                  | ancestry]
   652 | D:1      | Reached XP level 2. HP: 17/19 MP: 3/5
   894 | D:1      | Found a faded altar of an unknown god.
   909 | D:1      | Became a worshipper of Hepliaklqana the Forgotten
   909 | D:1      | Reached * piety under Hepliaklqana
  1449 | D:2      | Reached skill level 5 in Necromancy
  1449 | D:2      | Reached XP level 3. HP: 13/21 MP: 0/6
  1736 | D:2      | Learned a level 3 spell: Vampiric Draining
  2085 | D:2      | Reached ** piety under Hepliaklqana
  2093 | D:2      | Remembered your ancestor Crack Daddy as a battlemage
  2779 | D:3      | Reached skill level 1 in Invocations
  2779 | D:3      | Reached XP level 4. HP: 19/27 MP: 5/8
  3096 | D:3      | Found a faded altar of an unknown god.
  3096 | D:3      | Found a faded altar of an unknown god.
  3099 | D:3      | Found a hazy altar of Hepliaklqana.
  3363 | D:3      | Learned a level 4 spell: Animate Dead
  3370 | D:4      | Reached XP level 5. HP: 28/31 MP: 10/10
  3416 | D:4      | Noticed a black bear
  3420 | D:4      | Killed a black bear
  3485 | D:4      | Gained mutation: You are partially covered in thin metallic
                  | scales. (AC +2) [demonic ancestry]
  3485 | D:4      | Reached XP level 6. HP: 35/37 MP: 12/12
  3589 | D:4      | Found an ornate altar of the Wu Jian Council.
  3922 | D:4      | Reached *** piety under Hepliaklqana
  3965 | D:4      | Found a staircase to the Ecumenical Temple.
  4331 | D:4      | Found Iuymonlesch's Incredible Inventory.
  4346 | D:4      | Bought a scroll of identify for 22 gold pieces
  4644 | D:5      | Entered Level 5 of the Dungeon
  4805 | D:5      | Found an iron altar of Okawaru.
  4832 | D:5      | Found a runed translucent door.
  4912 | D:5      | Reached skill level 5 in Spellcasting
  4977 | D:5      | Noticed an orc warrior
  4985 | D:5      | Killed an orc warrior
  4986 | D:5      | Gained mutation: You may rarely emit foul miasma when
                  | damaged in melee. [demonic ancestry]
  4986 | D:5      | Reached XP level 7. HP: 7/42 MP: 2/14
  5335 | D:5      | Found a bloodstained altar of Trog.
  5703 | D:5      | Reached skill level 1 in Evocations
  6223 | D:5      | Reached **** piety under Hepliaklqana
  6343 | D:6      | Reached XP level 8. HP: 46/47 MP: 15/17
  6872 | D:6      | You fall into a shaft and drop 1 floor!
  6918 | D:6      | Reached skill level 1 in Fighting
  7067 | D:6      | Learned a level 5 spell: Agony
  7069 | D:6      | Learned a level 1 spell: Sandblast
  7396 | D:6      | Reached skill level 5 in Invocations
  7927 | D:7      | Reached XP level 9. HP: 32/53 MP: 12/20
  8410 | D:7      | Learned a level 2 spell: Passwall
  8414 | D:7      | Learned a level 3 spell: Stone Arrow
  8872 | D:7      | Reached skill level 1 in Armour
  9083 | D:7      | Found Icigeh's Weapon Emporium.
  9154 | D:7      | Found Caemeoc's Antique Weapon Shop.
  9162 | D:7      | Bought a pitted mace for 232 gold pieces
  9162 | D:7      | Identified the +12 mace of Kiddil {freeze, rC+ Int+4} (You
                  | bought it in a shop on level 7 of the Dungeon)
  9618 | D:8      | Identified the +6 falchion of Indomitability {vorpal,
                  | Int+3}
 10178 | D:8      | Noticed a two-headed ogre
 10189 | D:8      | Killed a two-headed ogre
 10190 | D:8      | Gained mutation: A weak demonic guardian rushes to your
                  | aid. [demonic ancestry]
 10190 | D:8      | Reached XP level 10. HP: 20/61 MP: 10/22
 10393 | D:8      | Gained mutation: You tend to lose your temper in combat.
                  | [potion of mutation]
 10393 | D:8      | Gained mutation: Your natural rate of healing is unusually
                  | fast. [potion of mutation]
 10394 | D:8      | Lost mutation: You tend to lose your temper in combat.
                  | [potion of mutation]
 10394 | D:8      | Lost mutation: Your natural rate of healing is unusually
                  | fast. [potion of mutation]
 10394 | D:8      | Gained mutation: You have very sharp fingernails. [potion
                  | of mutation]
 10395 | D:8      | Lost mutation: You have very sharp fingernails. [potion of
                  | mutation]
 10395 | D:8      | Gained mutation: You are partially covered in large bone
                  | plates. (SH +4) [potion of mutation]
 10502 | D:8      | Reached ***** piety under Hepliaklqana
 10553 | D:9      | Noticed a centaur warrior
 10573 | D:9      | Killed a centaur warrior
 11039 | D:9      | Found a radiant altar of Vehumet.
 11053 | D:9      | Learned a level 1 spell: Apportation
 11063 | D:9      | Noticed a two-headed ogre
 11069 | D:9      | Killed a two-headed ogre
 11133 | D:9      | Found a shimmering blue altar of Sif Muna.
 11240 | D:9      | Found a shimmering altar of Xom.
 11291 | D:9      | Found a sacrificial altar of Ru.
 11292 | D:9      | Found a stormy altar of Qazlal.
 11356 | D:9      | Slain by a freezing wraith

Illustrated notes

Levels and vault maps discovered:
D:1:      giann_horns, layout_loops_corners, hellmonk_ecumenical_altar_run_dry
D:2:      layout_rooms, basic_altar
D:3:      layout_loops_ring, nicolae_hepliaklqana_ecumenical_no_more
D:4:      layout_gridville, amcnicky_altar_gilded, temple_statues,
          nicolae_alphabet_shops
D:5:      layout_cave_pools, old_standard_altar, trog_book, chequers_arboretum,
          lightli_church_of_beogh
D:6:      layout_rooms
D:7:      layout_cave_pools, serial_gnoll_camp, gnoll_camp_mini_sergeant,
          gnoll_camp_huts_basic, gnoll_camp_mini_loothouse,
          gnoll_camp_mini_shop, gnoll_camp_mini_shop,
          hangedman_abyss_or_decor_stabs, hangedman_decor_opposing
D:8:      layout_gridville
D:9:      layout_roguey, lemuel_tele_altar, fiery_altar_vehumet,
          grunt_temple_overflow_open, nicolae_overflow_hidden_temple,
          lair_entry_dummy

Skill      XL: |  1  2  3  4  5  6  7  8  9 10 |
---------------+-------------------------------+-----
Necromancy     | 5 6 7 8 9 |  9.1
Dodging        | 2 3 |  3.5
Stealth        | 2 3 |  3.2
Spellcasting   | 3 4 5 6 7 8 9 |  9.5
Invocations    | 1 2 3 4 5 6 7 |  7.4
Evocations     | 1 2 4 |  4.8
Fighting       | 1 2 |  2.9
Armour         | 2 |  2.4
Conjurations   | |  0.4
Translocations | |  0.1
Earth Magic    | |  0.4

Action                   |  1- 3 |  4- 6 |  7- 9 | 10-12 || total
-------------------------+-------+-------+-------+-------++-------
Melee: Whip              |    11 |       |       |       ||    11
       Quarterstaff      |     7 |    24 |   101 |    34 ||   166
       Mace              |       |       |    14 |    16 ||    30
Throw: Dart              |     2 |       |     2 |       ||     4
       Boomerang         |       |       |       |     1 ||     1
 Cast: Pain              |    66 |    37 |    92 |       ||   195
       Animate Skeleton  |     8 |     1 |     2 |     1 ||    12
       Vampiric Draining |     1 |     2 |    11 |       ||    14
       Animate Dead      |       |     1 |    10 |     1 ||    12
       Stone Arrow       |       |       |     4 |     1 ||     5
       Apportation       |       |       |       |     1 ||     1
Invok: Ancestor Identity |     1 |       |       |       ||     1
       Ancestor Life: Ba |     1 |       |       |       ||     1
       Recall Ancestor   |       |       |     2 |       ||     2
  Use: Scroll            |       |     6 |    11 |       ||    17
       Potion            |       |       |       |     3 ||     3
 Stab: Sleeping          |       |     1 |     1 |       ||     2
       Distracted        |       |       |     3 |     1 ||     4
Armor: Robe              |     7 |     8 |    19 |       ||    34
       Leather armour    |       |       |    54 |    32 ||    86
Dodge: Dodged            |    15 |    14 |   135 |    40 ||   204
Block: Other             |       |       |       |    10 ||    10

Table legend: (Time is in decaauts)
 A = Elapsed time spent in this place.
 B = Non-inter-level travel time spent in this place.
 C = Inter-level travel time spent in this place.
 D = Time resting spent in this place.
 E = Time spent auto-exploring this place.
 F = Levels seen in this place.
 G = Mean time per level.
                   A        B        C        D        E       F      G
               +--------+--------+--------+--------+--------+-----+--------+
         Total |  11424 |  11172 |    252 |   3929 |   5349 |   9 | 1269.3 |
       Dungeon |  11424 |  11172 |    252 |   3929 |   5349 |   9 | 1269.3 |
               +--------+--------+--------+--------+--------+-----+--------+

Top non-repeatable levels by time:
     D:5: 1662 daAuts
     D:7: 1495 daAuts
     D:6: 1484 daAuts
     D:4: 1465 daAuts
     D:1: 1413 daAuts
     D:8: 1147 daAuts
     D:2: 1005 daAuts
     D:3: 947 daAuts
     D:9: 802 daAuts
